 Dungeon Crawl Stone Soup version 0.26.1-11-gd32895ea62 (webtiles) character file.

Game seed: 3587381535045884112

1130052 Amplified the Englaciator (level 27, -5/237 HPs)
             Began as a Barachi Ice Elementalist on July 5, 2021.
             Was the Champion of Makhleb.
             Killed from afar by a quicksilver dragon (11 damage)
             ... with a bolt of dispelling energy
             ... on level 5 of the Iron City of Dis on July 6, 2021.
             The game lasted 04:19:21 (103317 turns).

Amplified the Englaciator (BaIE)                  Turns: 103317, Time: 04:19:22

Health: -5/237     AC: 36    Str: 10    XL:     27
Magic:  2/50       EV: 19    Int: 32    God:    Makhleb [******]
Gold:   7630       SH: 18    Dex: 16    Spells: 12/73 levels left

rFire    + + +     SeeInvis +   u - +7 war axe of Dullness {drain, rElec rF++ Str-5 SInv}
rCold    + . .     Faith    .   G - +5 kite shield {rC+}
rNeg     + + .     Spirit   .   N - +3 pearl dragon scales
rPois    +         Reflect  .   e - +0 mask of the Dragon {Will+ Slay+3 SInv}
rElec    +         Harm     .   t - +2 cloak
rCorr    .         Rampage  .   W - +2 pair of gloves {archery}
Will     +++++     Clarity  +   D - +3 pair of boots of Namet {Int+2}
Stlth    +.........             j - amulet of Lacyp {RegenMP Dex+2}
HPRegen  0.49/turn              f - ring "Ihucw" {rF+ rN+ Dex+4 SInv}
MPRegen  0.57/turn              F - ring of Reizev {*Drain rPois Int+9 Dex-3 Stlth+}

@: no potions, can't hop, studying Throwing, slow
A: +LOS, swims, blurry vision 1, clarity, clumsy 1, strong-willed 3, mutation
resistance 1, slowness 1, strong legs 2
}: 11/15 runes: barnacled, slimy, silver, obsidian, abyssal, demonic, glowing,
magical, fiery, dark, gossamer
a: Hop, Renounce Religion, Minor Destruction, Lesser Servant of Makhleb, Major
Destruction, Greater Servant of Makhleb


You were on level 5 of the Iron City of Dis.
You worshipped Makhleb.
Makhleb was exalted by your worship.
You visited 16 branches of the dungeon, and saw 78 of its levels.
You visited Pandemonium 1 time, and saw 12 of its levels.
You visited the Abyss 6 times.
You also visited: Trove, Bailey and Ice Cave.

You collected 16840 gold pieces.
You spent 9210 gold pieces at shops.

Inventory:

Hand Weapons
 h - the +2 Maxwell's thermic engine {flame, freeze}
   (You found it on level 7 of Gehenna)

   It has been specially enchanted to burn those struck by it, causing extra
   injury to most foes and up to half again as much damage against particularly
   susceptible opponents.
   Big, fiery blades are also staple armaments of hydra-hunters.
   It has been specially enchanted to freeze those struck by it, causing extra
   injury to most foes and up to half again as much damage against particularly
   susceptible opponents.
 u - the +7 war axe of Dullness (weapon) {drain, rElec rF++ Str-5 SInv}
   (You found it in a treasure trove)

   A truly terrible weapon, it drains the life of those it strikes.
   It affects your strength (-5).
   It greatly protects you from fire.
   It insulates you from electricity.
   It lets you see invisible.
 R - a +8 eveningstar of flaming
 Y - a +5 sacred scourge of holy wrath
Missiles
 r - 11 throwing nets (quivered)
Armour
 e - the +0 mask of the Dragon (worn) {Will+ Slay+3 SInv}
   (You found it on level 3 of the Realm of Zot)

   It affects your accuracy and damage with ranged weapons and melee attacks
   (+3).
   It affects your willpower, your defense against some magical effects.
   It lets you see invisible.
 t - a +2 cloak (worn)
 D - the +3 pair of boots of Namet (worn) {Int+2}
   (You found it on level 1 of the Spider Nest)

   It affects your intelligence (+2).
 E - quicksilver dragon scales
 G - a +5 kite shield of cold resistance (worn)
 N - +3 pearl dragon scales (worn)
 W - a +2 pair of gloves of archery (worn)
Jewellery
 f - the ring "Ihucw" (left hand) {rF+ rN+ Dex+4 SInv}
   (You found it on level 3 of the Elven Halls)

   [ring of see invisible]

   It affects your dexterity (+4).
   It protects you from fire.
   It protects you from negative energy.
   It lets you see invisible.
 j - the amulet of Lacyp (around neck) {RegenMP Dex+2}
   (You bought it in a shop on level 2 of the Orcish Mines)

   [amulet of magic regeneration]

   It increases your magic regeneration.
   It affects your dexterity (+2).
 s - an uncursed ring of resist corrosion
 x - an uncursed ring of positive energy
 F - the ring of Reizev (right hand) {*Drain rPois Int+9 Dex-3 Stlth+}
   (You took it off a gnoll sergeant on level 7 of the Dungeon)

   [ring of stealth]

   It affects your intelligence (+9).
   It affects your dexterity (-3).
   It protects you from poison.
   It causes draining when unequipped.
   It makes you more stealthy.
 U - the ring "Ehuc" {rPois Will+}
   (You found it in Pandemonium)

   [ring of willpower]

   It protects you from poison.
   It affects your willpower, your defense against some magical effects.
Wands
 a - a wand of acid (48)
 b - a wand of iceblast (49)
 c - a wand of disintegration (13)
 J - a wand of paralysis (6)
 L - a wand of digging (2)
Scrolls
 g - 12 scrolls of amnesia
 k - 3 scrolls of silence
 o - 9 scrolls of teleportation
 p - 44 scrolls of remove curse
 y - a scroll of identify
 z - 11 scrolls of immolation
 B - 4 scrolls of holy word
 I - a scroll of summoning
 M - 3 scrolls of fog
 V - 5 scrolls of fear
Potions
 d - 21 potions of heal wounds
 i - 12 potions of brilliance
 l - 2 potions of invisibility
 m - 20 potions of attraction
 n - 5 potions of cancellation
 q - 7 potions of lignification
 v - 8 potions of flight
 w - 18 potions of curing
 A - 7 potions of ambrosia
 K - 7 potions of resistance
 O - 8 potions of might
 P - 6 potions of haste
 Q - 3 potions of magic
Books
 Z - a manual of Throwing
Miscellaneous
 C - a tin of tremorstones (inert)
 H - a condenser vane (inert)
 X - a phantom mirror


   Skills:
 * Level 23.9 Fighting
 - Level 16.6 Maces & Flails
 * Level 22.4 Armour
 * Level 20.4 Dodging
 - Level 1.7 Stealth
 - Level 15.3 Shields
 * Level 23.6 Spellcasting
 - Level 18.5 Conjurations
 - Level 6.4 Hexes
 - Level 11.0 Summonings
 - Level 18.6 Necromancy
 - Level 22.1 Transmutations
 O Level 27 Ice Magic
 - Level 11.6 Air Magic
 - Level 7.6 Invocations


You had 12 spell levels left.
You knew the following spells:

 Your Spells              Type           Power        Failure   Level
a - Airstrike             Air            42%          1%          4
b - Frozen Ramparts       Ice            100%         0%          3
c - Necromutation         Tmut/Necr      53%          3%          8
d - Ozocubu's Refrigerat  Ice            59%          0%          6
e - Freezing Cloud        Conj/Ice/Air   51%          1%          6
f - Silence               Hex/Air        38%          1%          5
g - Shadow Creatures      Summ           N/A          4%          6
h - Absolute Zero         Ice            59%          4%          9
i - Yara's Violent Unrav  Hex/Tmut       46%          1%          5
j - Passwall              Tmut/Erth      69%          1%          2
k - Orb of Destruction    Conj           51%          1%          7

Your spell library contained the following spells:

 Spells                   Type           Power        Failure   Level
 Animate Skeleton         Necr           100%         0%          1
 Beastly Appendage        Tmut           100%         0%          1
 Freeze                   Ice            100%         0%          1
 Magic Dart               Conj           100%         0%          1
 Pain                     Necr           100%         0%          1
 Shock                    Conj/Air       100%         0%          1
 Corpse Rot               Necr/Air       N/A          0%          2
 Ensorcelled Hibernation  Hex/Ice        100%         0%          2
 Sublimation of Blood     Necr           51%          0%          2
 Wereblood                Tmut           100%         0%          2
 Ozocubu's Armour         Ice            100%         0%          3
 Static Discharge         Conj/Air       94%          0%          3
 Vampiric Draining        Necr           51%          0%          3
 Animate Dead             Necr           51%          0%          4
 Hailstorm                Conj/Ice       100%         0%          4
 Ice Form                 Ice/Tmut       100%         0%          4
 Summon Ice Beast         Ice/Summ       100%         0%          4
 Blade Hands              Tmut           55%          0%          5
 Irradiate                Conj/Tmut      53%          0%          5
 Corona                   Hex            75%          1%          1
 Sting                    Tmut/Pois      100%         1%          1
 Summon Small Mammal      Summ           100%         1%          1
 Call Imp                 Summ           83%          1%          2
 Poisonous Vapours        Pois/Air       100%         1%          2
 Slow                     Hex            68%          1%          2
 Swiftness                Air            84%          1%          2
 Call Canine Familiar     Summ           83%          1%          3
 Confusing Touch          Hex            68%          1%          3
 Conjure Flame            Conj/Fire      77%          1%          3
 Dazzling Flash           Conj/Hex       100%         1%          3
 Ignite Poison            Fire/Tmut/Pois 71%          1%          3
 Inner Flame              Hex/Fire       55%          1%          3
 Mephitic Cloud           Conj/Pois/Air  80%          1%          3
 Portal Projectile        Hex/Tloc       100%         1%          3
 Spider Form              Tmut/Pois      41%          1%          3
 Stone Arrow              Conj/Erth      100%         1%          3
 Summon Guardian Golem    Hex/Summ       76%          1%          3
 Tukima's Dance           Hex            68%          1%          3
 Cause Fear               Hex            34%          1%          4
 Iskenderun's Mystic Bla  Conj/Tloc      77%          1%          4
 Petrify                  Tmut/Erth      83%          1%          4
 Sticky Flame             Conj/Fire      77%          1%          4
 Summon Lightning Spire   Summ/Air       84%          1%          4
 Agony                    Necr           100%         1%          5
 Alistair's Intoxication  Tmut/Pois      55%          1%          5
 Borgnjor's Vile Clutch   Necr/Erth      38%          1%          5
 Excruciating Wounds      Necr           51%          1%          5
 Fireball                 Conj/Fire      38%          1%          5
 Iskenderun's Battlesphe  Conj           100%         1%          5
 Lightning Bolt           Conj/Air       47%          1%          5
 Metabolic Englaciation   Hex/Ice        49%          1%          5
 Summon Demon             Summ           41%          1%          5
 Conjure Ball Lightning   Conj/Air       47%          1%          6
 Death Channel            Necr           51%          1%          6
 Hydra Form               Tmut           55%          1%          6
 Simulacrum               Ice/Necr       55%          1%          6
 Apportation              Tloc           74%          2%          1
 Sandblast                Erth           74%          2%          1
 Blink                    Tloc           N/A          3%          2
 Eringya's Noxious Bog    Tmut/Pois      41%          4%          6
 Statue Form              Tmut/Erth      55%          4%          6
 Haunt                    Necr/Summ      46%          4%          7
 Spellforged Servitor     Conj/Summ      46%          4%          7
 Bolt of Magma            Conj/Fire/Erth 33%          5%          5
 Leda's Liquefaction      Hex/Erth       27%          7%          4
 Summon Forest            Summ/Tloc      32%          7%          5
 Gell's Gravitas          Tloc           18%          8%          3
 Lesser Beckoning         Tloc           18%          8%          3
 Teleport Other           Tloc           37%          8%          3
 Borgnjor's Revivificati  Necr           51%          8%          8
 Infestation              Necr           51%          8%          8
 Iron Shot                Conj/Erth      38%          9%          6
 Starburst                Conj/Fire      38%          9%          6
 Monstrous Menagerie      Summ           41%          22%         7
 Summon Greater Demon     Summ           41%          22%         7
 Summon Hydra             Summ           41%          22%         7
 Olgreb's Toxic Radiance  Pois           37%          26%         4
 Passage of Golubria      Tloc           N/A          26%         4
 Invisibility             Hex            68%          28%         6
 Chain Lightning          Conj/Air       47%          32%         8
 Lee's Rapid Deconstruct  Erth           18%          56%         5
 Death's Door             Necr           51%          77%         9
 Summon Horrible Things   Summ           41%          86%         8
 Malign Gateway           Summ/Tloc      32%          91%         7
 Dispersal                Tloc           18%          98%         6
 Lehudib's Crystal Spear  Conj/Erth      38%          98%         8
 Discord                  Hex            34%          100%        8
 Disjunction              Tloc           18%          100%        8
 Ignition                 Fire           18%          100%        8
 Fire Storm               Conj/Fire      38%          100%        9
 Shatter                  Erth           18%          100%        9
 Tornado                  Air            42%          100%        9


Dungeon Overview and Level Annotations

Branches:
Dungeon (15/15)            Temple (1/1) D:5            Lair (6/6) D:9
 Shoals (4/4) Lair:2       Spider (4/4) Lair:2        Slime (5/5) Lair:6
    Orc (2/2) D:9             Elf (3/3) Orc:2        Vaults (5/5) D:13
  Crypt (3/3) Vaults:3       Tomb (0/3) Crypt:3      Depths (5/5) D:15
   Hell (visited)             Dis (5/7) Hell            Geh (7/7) Hell
    Tar (7/7) Hell            Zot (5/5) Depths:5     Bailey (visited)
  IceCv (visited)
    Coc: Hell:1

Altars:
Ashenzari
Cheibriados
Dithmenos
Elyvilon
Fedhas
Hepliaklqana
Kikubaaqudgha
Makhleb
Nemelex Xobeh
Okawaru
Qazlal
Ru
Sif Muna
Trog
Uskayaw
Vehumet
Wu Jian
Xom
Yredelemnul
Zin
The Shining One
Jiyva

Shops:
Orc:2 ([==   Elf:2 }}=   Vaults:1 :   Vaults:2 :   Vaults:4 *   Vaults:5 !:
Depths:5 *

Portals:
Hell: Depths:1 Depths:2 Depths:3 Depths:4 Depths:5
Abyss: Depths:1 Depths:4
Pandemonium: Depths:2 Depths:3
Ziggurat: Depths:4

Annotations:
D:3 2 runed translucent doors, H0rd4k's ghost, amateur OpTm
D:13 2 transporters
D:15 Elf, Shoals, Vaults, Crypt. Get resistances.
Lair:1 2 transporters, tamionv's ghost, novice HOFi
Lair:2 Spells should be good for 15-runes.
Lair:4 exclusion: 2 oklob plants
Hell exclusion: 2 ice statues
Zot:3 5 transporters


Innate Abilities, Weirdness & Mutations

You can be seen from farther away. (+LOS)
You can swim through water.
You cover ground slowly.
You can hop long distances.
Scrolls take you a little longer to read.
You possess an exceptional clarity of mind.
You are clumsy. (Dex -2)
You are extremely strong-willed. (Will+++)
You are somewhat resistant to further mutation.


Message History

The rust devil screeches!
You hear a screech!
The quicksilver dragon is engulfed in blazing flames.
The quicksilver dragon closely misses you.
You block the quicksilver dragon's attack.
The quicksilver dragon is engulfed in blazing flames.
The tormentor calls on the powers of darkness!
The quicksilver dragon convulses! x2; Your body is wracked with pain!
* * * LOW HITPOINT WARNING * * *
The quicksilver dragon convulses!
The iron troll convulses! x3
The quicksilver dragon is engulfed in blazing flames.
The quicksilver dragon bites you but does no damage.
You block the quicksilver dragon's attack.
The tormentor is engulfed in blazing flames.
You block the tormentor's attack. The tormentor barely misses you.
The tormentor is engulfed in blazing flames.
The iron troll is engulfed in blazing flames. x3
The quicksilver dragon is engulfed in blazing flames.
The quicksilver dragon breathes dispelling energy at you.
The bolt of dispelling energy hits you!
You die...

###########
§§§.>...>.##
§§§...§§§..##
§§§.8.§§D..8#
§8..§D28@§§#
§§2.§§§D42§8#
§8..§§§§§§§##
§§.§8§§T8..8#
§5.§§§§§§§.##
.5.T§§.4T§.8
§8§§8§§8§§.##
§§§§4§§§§..8
§§§§§§§§§..#


You could see 3 iron golems, 3 quicksilver dragons, 3 iron trolls, 3 rust
devils, 3 tormentors and 2 iron imps.

Vanquished Creatures
  Cerebov (Pan)
  Asmodeus (Geh:7)
  the Royal Jelly (Slime:5)
  Dissolution (Slime:4)
  Gloorx Vloq (Pan)
  A seraph (Pan)
  Mnoleg (Pan)
  Lom Lobon (Pan)
  5 orbs of fire (Zot:5)
  Mennas (Pan)
  Mara (Crypt:3)
  10 ancient liches
  A juggernaut (Depths:4)
  Frederick (Vaults:4)
  Sojobo (Vaults:4)
  5 Killer Klowns (Zot:5)
  Bai Suzhen (Depths:1)
  2 curse toes
  A pandemonium lord (Pan)
  2 caustic shrikes
  Xtahua (Vaults:5)
  Geryon (Hell)
  14 golden dragons
  Nikola (Spider:4)
  The ghost of Getoffmy the Slayer, a veteran GrFi of Wu Jian (Vaults:1)
  2 pearl dragons (Pan)
  6 bone dragons
  Arachne (Spider:2)
  4 Tzitzimimeh
  19 Brimstone Fiends
  2 electric golems (Zot:5)
  2 doom hounds (Tar:4)
  A hellephant (Abyss:1)
  2 Hell Sentinels
  Jorgrun (D:14)
  An Ice Fiend (Pan)
  25 Orb Guardians (Zot:5)
  21 tentacled monstrosities
  5 deep elf blademasters
  11 quicksilver dragons
  6 titans
  8 tentacled starspawn
  4 deep elf master archers (Elf:3)
  18 acid blobs
  7 ancient champions
  12 liches
  Polyphemus (Shoals:3)
  A kraken (Shoals:2)
  19 Executioners
  The ghost of popps the Warrior, an adept GrFi of Okawaru (Shoals:2)
  Frances (D:13)
  10 death cobs
  2 sphinxes
  Donald (Spider:4)
  Kirke (D:13)
  10 tengu reavers
  8 azure jellies
  Agnes (Spider:2)
  12 shadow dragons
  19 daevas
  Roxanne (Shoals:1)
  15 storm dragons
  A fenstrider witch (shapeshifter) (Vaults:5)
  4 revenants
  4 draconian monks
  23 fire giants
  8 deep elf sorcerers
  Ilsuiw (Shoals:3)
  5 ghost moths
  13 frost giants
  Louise (Depths:1)
  20 cacodemons
  An emperor scorpion (shapeshifter) (Depths:4)
  The ghost of arthad the Cleaver, an adept VSFi of Makhleb (Shoals:2)
  35 balrugs
  2 draconian knights
  2 warmongers (Pan)
  2 curse skulls (Pan)
  11 vault wardens
  An orc warlord (Vaults:1)
  6 emperor scorpions
  7 iron dragons
  33 angels
  2 draconian scorchers
  2 draconian stormcallers
  3 ghouls (Crypt:1)
  4 deep elf elementalists
  7 draconian annihilators
  27 very ugly things
  8 war gargoyles
  14 reapers
  11 ironheart preservers
  A spriggan defender (Depths:4)
  12 ophanim (Pan)
  8 vampire knights
  5 draconian shifters
  2 blood saints (Pan)
  20 stone giants
  11 lorocyprocas
  7 green draconians
  31 apis (Pan)
  7 black draconians
  12 deep elf annihilators
  14 red draconians
  7 white draconians
  10 deep elf demonologists
  7 entropy weavers
  11 purple draconians
  Azrael (Spider:3)
  22 spark wasps
  7 yellow draconians
  12 ettins
  Snorg (D:11)
  2 crystal guardians (Crypt:3)
  3 eidola
  3 merfolk javelineers
  9 green deaths
  7 deep elf death magi
  13 death oozes (Slime:5)
  8 jiangshi
  8 blizzard demons
  10 merfolk impalers
  3 quicksilver dragon zombies
  19 yaktaur captains
  6 fire dragons
  18 great orbs of eyes
  7 deep elf high priests
  11 ice dragons
  Josephine (Lair:5)
  18 ogre magi
  Harold (D:7)
  3 quicksilver dragon skeletons
  A monstrous demonspawn (Pan)
  A hell beast (Dis:2)
  11 rakshasas
  31 vault guards
  8 hydras
  3 nameless horrors
  19 centaur warriors
  3 catoblepae
  7 boulder beetles
  10 spriggan air magi
  4 alligator snapping turtles
  Erica (D:8)
  The ghost of viiviliisa the Fighter, a novice MiFi (D:7)
  An anaconda (Lair:6)
  An anaconda (shapeshifter) (Vaults:5)
  6 death knights
  53 two-headed ogres
  4 merfolk avatars
  5 merfolk aquamancers
  28 dancing weapons
  9 deep troll shamans
  6 death yaks
  9 spriggan berserkers
  11 tengu warriors
  17 hell hogs
  2 orc high priests
  18 deep troll earth magi
  11 thrashing horrors
  2 titan zombies
  7 vampire magi
  17 soul eaters
  36 sun demons
  48 hell knights
  32 deep elf knights
  A storm dragon zombie (Hell)
  6 shadow wraiths
  10 wretched stars
  A salamander mystic (Depths:2)
  A golden dragon zombie (Crypt:3)
  19 cherubim (Pan)
  A titan skeleton (Pan)
  17 sixfirhies
  54 skeletal warriors
  A glowing orange brain (shapeshifter) (Depths:4)
  6 storm dragon skeletons
  9 sea snakes
  4 unseen horrors
  A spatial maelstrom (Abyss:2)
  33 deep trolls
  3 infernal demonspawn
  12 flayed ghosts
  9 phantasmal warriors
  2 gelid demonspawn (Pan)
  15 glowing orange brains
  A bog body (Crypt:1)
  A ghost moth zombie (Dis:3)
  15 ironbrand convokers
  2 torturous demonspawn (Pan)
  A shadow dragon zombie (Tar:5)
  A shadow demon (Tar:7)
  2 anaconda zombies
  2 swamp dragons (shapeshifter)
  5 iron dragon zombies
  9 wizards
  Pikel (D:7)
  12 orc knights
  12 harpies
  A golden dragon skeleton (Tar:5)
  An orc sorcerer (Orc:1)
  39 wolf spiders
  A stone giant zombie (Crypt:3)
  37 ugly things
  11 deep elf archers
  2 frost giant zombies
  17 orb spiders
  4 anaconda skeletons
  23 necromancers
  2 shadow dragon skeletons
  5 fauns
  71 deep elf magi
  11 cyclopes
  An orb spider (shapeshifter) (Depths:2)
  8 shining eyes
  A sphinx skeleton (Depths:4)
  3 fire giant zombies
  2 worldbinders
  A salamander (shapeshifter) (Depths:4)
  11 merfolk sirens
  A cyclops (shapeshifter) (Vaults:5)
  14 manticores
  3 salamanders
  3 iron dragon skeletons
  34 moths of wrath
  2 stone giant skeletons
  3 elf zombies
  3 fire giant skeletons
  27 smoke demons
  An elephant (shapeshifter) (Depths:5)
  2 frost giant skeletons
  10 black mambas
  3 shock serpent zombies
  9 elephants (Lair:6)
  An apocalypse crab (Abyss:4)
  12 vault sentinels
  A water nymph (Shoals:3)
  2 dire elephant zombies
  9 rust devils
  Maurice (Orc:1)
  6 molten gargoyles
  2 guardian serpents
  A naga mage (Abyss:1)
  3 eyes of devastation
  6 torpor snails
  22 orange demons
  A black mamba (shapeshifter) (Vaults:4)
  5 spectral swamp worms (Depths:4)
  2 spriggan skeletons
  A gargoyle (D:14)
  2 shock serpent skeletons
  An emperor scorpion zombie (Geh:7)
  6 komodo dragons
  18 cane toads
  6 ice devils
  2 kobold demonologists
  12 freezing wraiths
  24 hellions
  39 yaktaurs
  2 catoblepas zombies
  3 rime drakes
  20 tormentors
  A cane toad (shapeshifter) (D:14)
  4 centaur skeletons
  24 demonic crawlers
  11 ancient zymes
  49 red devils
  A yaktaur (shapeshifter) (Vaults:5)
  18 efreet
  A catoblepas skeleton (Crypt:1)
  11 tengu conjurers
  13 hellwings
  An iron troll skeleton (Crypt:2)
  8 harpy zombies (Shoals:1)
  12 polar bears
  8 trolls
  2 hydra zombies
  38 jumping spiders
  32 merfolk
  A queen bee (shapeshifter) (Vaults:2)
  A polar bear (shapeshifter) (Vaults:3)
  2 meliai (shapeshifter) (Depths:4)
  A hornet (shapeshifter) (Vaults:1)
  21 hornets
  2 slime creatures (shapeshifter)
  A pale draconian skeleton (Crypt:1)
  17 blink frogs
  4 wind drakes
  A dream sheep (shapeshifter) (Depths:2)
  An ettin zombie (Tar:2)
  A moth of wrath zombie (Crypt:2)
  A raiju (shapeshifter) (Vaults:2)
  3 ice dragon zombies
  12 raiju
  78 slime creatures
  3 fire dragon zombies
  4 dream sheep (Shoals:4)
  2 fire dragon skeletons
  An alligator zombie (Crypt:3)
  9 snapping turtles
  A frost giant simulacrum (Vaults:3)
  7 water elementals
  A redback (shapeshifter) (D:15)
  2 centaur simulacra (D:14)
  3 ettin skeletons
  An ice dragon skeleton (Dis:4)
  8 spriggans
  77 flying skulls
  22 ynoxinuls
  17 shadows
  37 starcursed masses
  53 large abominations
  3 air elementals
  72 redbacks
  32 tarantellas
  66 yaks
  An alligator skeleton (Crypt:2)
  A hog (D:13)
  18 wraiths
  2 tarantellas (shapeshifter)
  A fire bat (shapeshifter) (Vaults:4)
  21 fire elementals
  5 golden eyes
  5 wyverns
  Grum (D:7)
  A basilisk (Lair:2)
  2 black mamba skeletons
  A fire bat (Geh:7)
  A basilisk (shapeshifter) (Depths:2)
  12 chaos spawn
  12 neqoxecs
  A tyrant leech zombie (Crypt:2)
  A golden eye (shapeshifter) (Vaults:2)
  Menkaure (D:4)
  8 vampire mosquitoes (D:13)
  A gelid demonspawn zombie (Crypt:1)
  A swamp worm (shapeshifter) (Vaults:5)
  An elf simulacrum (Depths:4)
  4 spatial vortices (Abyss:2)
  5 wargs
  A soldier ant (shapeshifter) (Depths:2)
  3 nagas (Abyss:1)
  A soldier ant (D:10)
  An acid dragon (Vaults:1)
  Duvessa (D:7)
  A water nymph zombie (Crypt:1)
  A deep troll skeleton (Crypt:2)
  2 cane toad zombies
  16 water moccasins
  32 hell hounds
  A hydra simulacrum (Hell)
  A monstrous demonspawn skeleton (Crypt:2)
  A floating eye (shapeshifter) (Depths:2)
  2 floating eyes (Pan)
  2 cane toad skeletons (Hell)
  7 ice beasts
  3 sky beasts
  5 black bears
  32 orc warriors
  A swamp drake (D:9)
  10 eyes of draining
  A black bear (shapeshifter) (Vaults:5)
  A hornet zombie (D:13)
  3 phantoms
  A manticore zombie (Dis:1)
  A swamp dragon zombie (Crypt:3)
  5 boggarts
  An ettin simulacrum (Crypt:1)
  A snapping turtle zombie (Dis:1)
  49 ogres
  An ogre (shapeshifter) (Depths:1)
  11 necrophages
  38 wolves
  24 centaurs
  3 lemures (D:7)
  A wolf (shapeshifter) (Depths:5)
  A snapping turtle skeleton (Pan)
  A big kobold (shapeshifter) (Depths:1)
  A blink frog skeleton (Crypt:2)
  A palentonga zombie (Crypt:2)
  12 gnoll sergeants
  2 big kobolds
  20 bullfrogs
  A wyvern zombie (D:13)
  Dowan (D:7)
  A cane toad simulacrum (Hell)
  An earth elemental (Elf:3)
  25 small abominations
  2 water moccasin skeletons
  A warg skeleton (Crypt:2)
  6 scorpions
  6 electric eels
  39 wights
  A howler monkey (D:8)
  2 centaur zombies
  16 crimson imps
  6 quasits
  13 hounds
  4 jellies
  20 orc wizards
  7 gnoll shamans
  13 orc priests
  A bullfrog skeleton (D:13)
  A human skeleton (Pan)
  7 iron imps
  Ijyb (D:4)
  An iguana (D:8)
  12 hell rats (Hell)
  12 worker ants
  A hound zombie (D:5)
  A tengu skeleton (Geh:3)
  A mummy (Dis:2)
  2 howler monkey skeletons
  A worker ant zombie (D:10)
  20 gnolls
  18 adders
  A swamp drake skeleton (Crypt:1)
  A shadow imp (Tar:5)
  13 white imps
  5 ufetubi
  An adder zombie (D:9)
  An adder skeleton (D:9)
  2 worms (D:2)
  A worm (shapeshifter) (Depths:1)
  2 dart slugs
  3 leopard geckos
  101 orcs
  A ball python (D:2)
  2 giant cockroaches
  A giant cockroach (shapeshifter) (Depths:2)
  2 goblins
  5 hobgoblins
  19 jackals
  11 kobolds
  4 quokkas
  6 bats
  2 frilled lizards
  2 leopard gecko skeletons
  2 orc skeletons
  5 rats
  103 blocks of ice
  2 crawling corpses (Elf:3)
  2 fire vortices
  2 lurking horrors (Abyss:1)
  2 macabre masses (Abyss:4)
  11 starspawn tentacles
  4 tentacles (Shoals:2)
3979 creatures vanquished.

Vanquished Creatures (collateral kills)
  A frost giant (Depths:1)
  An orc warlord (Orc:2)
  A war gargoyle (Crypt:3)
  A spark wasp (Depths:3)
  A crystal guardian (Crypt:3)
  A two-headed ogre (Depths:2)
  An ogre mage (Depths:2)
  A skeletal warrior (Crypt:3)
  A necromancer (Crypt:3)
  2 rust devils (D:7)
  2 slime creatures (D:12)
  An orc warrior (Orc:2)
  3 ogres
17 creatures vanquished.

Vanquished Creatures (others)
  A golden dragon (Zot:3)
  A quicksilver dragon (Zot:2)
  An eldritch tentacle (Abyss:1)
  A shadow dragon (Zot:2)
  A ghost moth (Zot:3)
  2 fire giants
  A deep elf elementalist (Elf:3)
  A draconian scorcher (Zot:2)
  A draconian stormcaller (Zot:2)
  A black draconian (Zot:2)
  A red draconian (Zot:2)
  2 hell hogs
  2 deep elf knights
  A storm dragon skeleton (Geh:7)
  An anaconda zombie (Geh:3)
  A large abomination (Abyss:1)
  2 deep elf magi
  A wolf spider (Spider:4)
  A shadow dragon skeleton (Geh:7)
  A yaktaur (Vaults:5)
  A hellion (Geh:3)
  A red devil (Pan)
  An ice dragon zombie (Geh:1)
  2 flying skulls
  A ynoxinul (Pan)
  4 humans (D:13)
  3 small abominations (Abyss:1)
  A phantom (Geh:7)
  An ogre (Depths:1)
  5 wights
  A quokka (D:10)
  230 blocks of ice
  17 fungi
  151 plants
  11 starspawn tentacles
454 creatures vanquished.

Grand Total: 4450 creatures vanquished

Notes
Turn   | Place    | Note
-------+----------+-------------------------------------------
     0 | D:1      | Amplified the Barachi Ice Elementalist began the quest for
                  | the Orb.
     0 | D:1      | Reached XP level 1. HP: 13/13 MP: 3/3
   177 | D:1      | You fall into a shaft and drop 1 floor!
   521 | D:1      | Reached skill level 5 in Ice Magic
   521 | D:1      | Reached XP level 2. HP: 20/20 MP: 3/5
   778 | D:1      | Reached skill level 1 in Fighting
   784 | D:1      | Reached skill level 1 in Armour
  1429 | D:3      | Found a sparkling altar of Nemelex Xobeh.
  1457 | D:3      | Reached XP level 3. HP: 23/26 MP: 0/6
  1905 | D:3      | Found a runed translucent door.
  1906 | D:3      | Noticed H0rd4k's ghost (amateur OpTm)
  2004 | D:3      | Found a runed translucent door.
  2013 | D:3      | Noticed a water elemental
  2016 | D:3      | Found a stormy altar of Qazlal.
  2016 | D:3      | Noticed a fire elemental
  2017 | D:3      | Noticed an air elemental
  2018 | D:3      | Noticed an earth elemental
  2302 | D:2      | Reached XP level 4. HP: 22/33 MP: 4/8
  2668 | D:2      | Found a white marble altar of Elyvilon.
  2853 | D:2      | Found a faded altar of an unknown god.
  3431 | D:2      | Learned a level 3 spell: Frozen Ramparts
  3436 | D:2      | Learned a level 4 spell: Hailstorm
  3612 | D:4      | Gained mutation: You have a somewhat thin skeletal
                  | structure. (Dex +2, Stealth) [potion of mutation]
  3612 | D:4      | Gained mutation: You are clumsy. (Dex -2) [potion of
                  | mutation]
  3612 | D:4      | Gained mutation: Your system is resistant to poisons.
                  | (rPois) [potion of mutation]
  3671 | D:4      | Reached XP level 5. HP: 14/39 MP: 0/9
  3790 | D:3      | Reached skill level 1 in Shields
  3941 | D:4      | Noticed Ijyb
  3942 | D:4      | Noticed Menkaure
  3946 | D:4      | HP: 1/40 [Menkaure (10)]
  3961 | D:5      | Entered Level 5 of the Dungeon
  3961 | D:5      | Noticed a sky beast
  4594 | D:5      | Reached XP level 6. HP: 14/47 MP: 7/11
  4943 | D:5      | Killed a sky beast
  5436 | D:4      | Killed Ijyb
  5521 | D:4      | Killed Menkaure
  5522 | D:4      | Reached XP level 7. HP: 35/55 MP: 12/12
  5737 | D:4      | Reached skill level 5 in Fighting
  5774 | D:5      | Reached skill level 1 in Maces & Flails
  5855 | D:5      | Found a staircase to the Ecumenical Temple.
  5895 | Temple   | Entered the Ecumenical Temple
  6334 | D:5      | Killed an unseen horror
  6335 | D:5      | Reached skill level 5 in Shields
  6335 | D:5      | Reached XP level 8. HP: 41/64 MP: 13/13
  6797 | D:6      | Found a burning altar of Makhleb.
  6806 | D:6      | Became a worshipper of Makhleb the Destroyer
  6829 | D:7      | Reached skill level 5 in Maces & Flails
  6924 | D:7      | Noticed Grum
  7085 | D:7      | Found a transporter.
  7088 | D:7      | Identified the cursed +1 spear of Hueraif {pain, +Blink
                  | +Rage rC+}
  7088 | D:7      | Identified the cursed -4 kite shield of Keledu {Int+5}
  7088 | D:7      | Identified the ring of Reizev {*Drain rPois Int+9 Dex-3
                  | Stlth+}
  7108 | D:7      | Noticed Pikel
  7125 | D:7      | Reached XP level 9. HP: 71/71 MP: 10/14
  7131 | D:7      | Killed Pikel
  7192 | D:7      | Noticed Harold
  7211 | D:7      | Killed Harold
  7478 | D:7      | Found an ancient bone altar of Kikubaaqudgha.
  7702 | D:7      | Reached * piety under Makhleb
  7830 | D:7      | Noticed Duvessa
  7832 | D:7      | Noticed Dowan
  7845 | D:7      | Killed Duvessa
  7846 | D:7      | Reached XP level 10. HP: 80/80 MP: 11/15
  7847 | D:7      | Found a sacrificial altar of Ru.
  7859 | D:7      | Killed Dowan
  7920 | D:7      | Found a blossoming altar of Fedhas.
  8168 | D:7      | Noticed viiviliisa's ghost (novice MiFi)
  8172 | D:7      | Found a transporter.
  8727 | D:8      | Noticed a two-headed ogre
  8738 | D:8      | Killed a two-headed ogre
  8806 | D:8      | Noticed Erica
  8807 | D:8      | Reached ** piety under Makhleb
  9034 | D:6      | Noticed a rust devil
  9034 | D:6      | Noticed a rust devil
  9040 | D:7      | Reached skill level 10 in Shields
  9466 | D:8      | Killed Erica
  9847 | D:8      | Reached skill level 10 in Maces & Flails
  9847 | D:8      | Reached XP level 11. HP: 68/89 MP: 13/16
 10748 | D:9      | Reached *** piety under Makhleb
 10804 | D:9      | Found a stormy altar of Qazlal.
 11009 | D:9      | Found a staircase to the Lair.
 11200 | D:9      | Got a warped mace
 11203 | D:9      | Identified the +1 mace "Kuitut" {freeze, *Noise rC+ Dex+3}
                  | (You found it on level 9 of the Dungeon)
 11419 | D:9      | Found a staircase to the Orcish Mines.
 11550 | D:10     | Entered Level 10 of the Dungeon
 11674 | D:10     | Reached skill level 10 in Fighting
 12071 | D:10     | Noticed a two-headed ogre
 12084 | D:10     | Killed a two-headed ogre
 12171 | D:10     | Reached **** piety under Makhleb
 12274 | D:10     | Noticed a manticore
 12287 | D:10     | Killed a manticore
 12528 | D:10     | Found a white marble altar of Elyvilon.
 12627 | D:11     | Noticed Snorg
 12680 | D:12     | Noticed a boulder beetle
 12706 | D:12     | HP: 1/92 [ynoxinul/iron shot[the player character] (30)]
 12711 | D:12     | Noticed a cyclops
 12772 | D:12     | Noticed a soul eater
 12775 | D:12     | Reached XP level 12. HP: 93/98 MP: 9/17
 12794 | D:12     | Found a flagged portal.
 12906 | Bailey   | Entered a bailey
 14149 | D:13     | Noticed a centaur warrior
 14173 | D:13     | Noticed Kirke
 14195 | D:13     | Noticed a sphinx
 14196 | D:13     | Killed Kirke
 14201 | D:13     | Killed a centaur warrior
 14350 | D:13     | Noticed a vault guard
 14404 | D:14     | Noticed a centaur warrior
 14420 | D:14     | Noticed a two-headed ogre
 14433 | D:14     | Noticed Jorgrun
 14448 | D:14     | You fall into a shaft and drop 1 floor!
 14448 | D:15     | Entered Level 15 of the Dungeon
 14745 | D:14     | Killed a two-headed ogre
 15026 | D:12     | Noticed a six-headed hydra
 15037 | D:12     | Killed a six-headed hydra
 15038 | D:12     | Reached skill level 1 in Invocations
 15389 | D:12     | Killed a boulder beetle
 15540 | Lair:1   | Entered Level 1 of the Lair of Beasts
 15553 | Lair:1   | Identified the +8 spear of the Lurker {antimagic, Int+3}
 15554 | Lair:1   | Identified the +9 war axe "Akhlengojixt" {flame, Int+4}
 15554 | Lair:1   | Noticed a spriggan berserker
 15555 | Lair:1   | Noticed tamionv's ghost (novice HOFi)
 15557 | Lair:1   | Found a bloodstained altar of Trog.
 15586 | Lair:1   | Gained mutation: You can hop long distances. [Barachi
                  | growth]
 15586 | Lair:1   | Reached XP level 13. HP: 107/107 MP: 18/18
 15802 | Lair:1   | You fall into a shaft and drop 1 floor!
 15814 | Lair:2   | Found a frozen archway.
 15874 | Lair:2   | Found a white marble altar of Elyvilon.
 15990 | Lair:2   | Reached ***** piety under Makhleb
 15999 | IceCv    | Entered an ice cave
 16487 | IceCv    | Reached skill level 5 in Invocations
 16826 | IceCv    | Reached skill level 15 in Shields
 16865 | IceCv    | Noticed a white draconian
 16901 | IceCv    | Killed a white draconian
 17234 | Lair:2   | Reached skill level 6 in Ice Magic
 17504 | Lair:2   | Found a staircase to the Shoals.
 17625 | Lair:2   | Found a hole to the Spider Nest.
 17650 | Lair:2   | Reached XP level 14. HP: 103/116 MP: 13/19
 18408 | D:7      | Killed Grum
 18471 | D:7      | Killed viiviliisa's ghost
 18670 | D:6      | Got a brightly glowing scimitar
 18684 | D:6      | Identified the +7 scimitar of Dim Light {vorpal, Will+}
                  | (You found it on level 6 of the Dungeon)
 18819 | Lair:1   | Found a hazy altar of Hepliaklqana.
 19003 | Lair:1   | Found a transporter.
 19006 | Lair:1   | Found a transporter.
 19361 | Lair:3   | Reached skill level 7 in Ice Magic
 19485 | Lair:3   | Reached skill level 5 in Spellcasting
 20476 | Lair:4   | Reached ****** piety under Makhleb
 20621 | Lair:3   | Learned a level 6 spell: Ozocubu's Refrigeration
 20688 | Lair:4   | Reached skill level 8 in Ice Magic
 21730 | Lair:5   | Got a shimmering ring mail
 21731 | Lair:5   | Identified the +4 ring mail of Puapn {Int+4} (You found it
                  | on level 5 of the Lair of Beasts)
 22035 | Lair:5   | Noticed Josephine
 22095 | Lair:5   | Killed Josephine
 22336 | Lair:5   | Reached skill level 9 in Ice Magic
 22591 | Lair:5   | Learned a level 6 spell: Freezing Cloud
 22608 | Lair:6   | Entered Level 6 of the Lair of Beasts
 22720 | Lair:6   | Reached skill level 1 in Conjurations
 22720 | Lair:6   | Reached skill level 1 in Air Magic
 22866 | Lair:6   | Reached XP level 15. HP: 103/126 MP: 22/25
 23708 | Lair:6   | Found a staircase to the Slime Pits.
 23709 | Lair:6   | Found a viscous altar of Jiyva.
 24433 | Orc:1    | Entered Level 1 of the Orcish Mines
 24608 | Orc:2    | Entered Level 2 of the Orcish Mines
 24608 | Orc:2    | Found a staircase to the Elven Halls.
 24640 | Orc:1    | Reached skill level 10 in Ice Magic
 24853 | Orc:1    | Noticed Maurice
 24872 | Orc:1    | Killed Maurice
 25488 | Orc:2    | Noticed an orc warlord
 25522 | Orc:2    | Killed an orc warlord
 25540 | Orc:2    | Reached skill level 15 in Fighting
 25563 | Orc:2    | Reached skill level 5 in Conjurations
 25567 | Orc:2    | Reached skill level 5 in Air Magic
 25998 | Orc:2    | Found Qouxacs's Jewellery Emporium.
 25998 | Orc:2    | Found Kin Iqea's Antique Armour Boutique.
 25999 | Orc:2    | Found Zirhaidy's Jewellery Boutique.
 25999 | Orc:2    | Found Woiploa's Antique Weapon Shoppe.
 26042 | Orc:2    | Bought an uncursed ring of protection from fire for 325
                  | gold pieces
 26042 | Orc:2    | Bought a cursed -4 ring of evasion for 26 gold pieces
 26048 | Orc:2    | Bought an encrusted spear for 232 gold pieces
 26048 | Orc:2    | Bought a fine falchion for 232 gold pieces
 26048 | Orc:2    | Bought a dazzling hand axe for 232 gold pieces
 26049 | Orc:2    | Bought a smoking chain mail for 237 gold pieces
 26049 | Orc:2    | Identified the +9 spear of the Jester {vorpal, rElec Str+4
                  | Dex+2} (You bought it in a shop on level 2 of the Orcish
                  | Mines)
 26050 | Orc:2    | Identified the cursed +1 chain mail of the Sea {*Corrode
                  | rPois rF- Str+9} (You bought it in a shop on level 2 of the
                  | Orcish Mines)
 26312 | D:11     | Learned a level 5 spell: Silence
 26347 | D:11     | Killed Snorg
 26612 | D:11     | Reached skill level 11 in Ice Magic
 27012 | D:13     | Reached XP level 16. HP: 136/136 MP: 22/28
 27065 | D:13     | Found a transporter.
 27332 | D:13     | Found a gate to the Vaults.
 27642 | D:13     | Identified the +7 falchion "Wodoup" {drain, Str+7 Dex-2
                  | SInv Stlth+} (You bought it in a shop on level 2 of the
                  | Orcish Mines)
 27660 | D:13     | Noticed Frances
 27704 | D:13     | Killed Frances
 28366 | D:13     | Found a transporter.
 28366 | D:13     | Found a viscous altar of Jiyva.
 28367 | D:13     | Noticed an acid blob
 29258 | D:15     | Identified the +5 hand axe of Suegim {venom, Str+5 Int+5
                  | Dex-5} (You bought it in a shop on level 2 of the Orcish
                  | Mines)
 29951 | D:14     | Reached skill level 12 in Ice Magic
 30074 | D:14     | Killed Jorgrun
 30802 | Orc:2    | Bought the amulet of Lacyp {RegenMP Dex+2} for 618 gold
                  | pieces
 30829 | Elf:1    | Entered Level 1 of the Elven Halls
 31003 | Elf:1    | Reached skill level 10 in Spellcasting
 31166 | Elf:1    | Reached XP level 17. HP: 144/144 MP: 24/31
 31663 | Elf:1    | Noticed a Brimstone Fiend
 31964 | Elf:1    | Identified Qageepal's Tome of Creative Conjuration
 32134 | Elf:2    | Found a runed translucent gate.
 32134 | Elf:2    | Found a runed translucent gate.
 32592 | Spider:1 | Entered Level 1 of the Spider Nest
 32599 | Spider:1 | Reached skill level 13 in Ice Magic
 32905 | Spider:1 | Got a pair of steaming boots
 32906 | Spider:1 | Identified the +3 pair of boots of Namet {Int+2} (You found
                  | it on level 1 of the Spider Nest)
 33758 | Spider:2 | Noticed Agnes
 33785 | Spider:2 | Noticed Arachne
 34019 | Spider:2 | Killed Agnes
 34294 | Spider:2 | Killed Arachne
 34664 | Spider:2 | Reached XP level 18. HP: 154/154 MP: 26/33
 34944 | Spider:3 | Reached skill level 1 in Hexes
 34944 | Spider:3 | Reached skill level 10 in Air Magic
 35310 | Spider:3 | Noticed Azrael
 35313 | Spider:3 | Killed Azrael
 36516 | Spider:4 | Entered Level 4 of the Spider Nest
 36549 | Spider:4 | Noticed Nikola
 36850 | Spider:4 | Killed Nikola
 37437 | Spider:4 | Noticed Donald
 37446 | Spider:4 | Killed Donald
 37888 | Spider:4 | Identified Ixkeef's Reference Book on the Voyage
 37934 | Spider:4 | Identified 2 scrolls of acquirement
 37944 | Spider:4 | Reached skill level 5 in Hexes
 38961 | Spider:4 | Got a gossamer rune of Zot
 39101 | Spider:4 | Acquired a +2 eveningstar of protection
 39103 | Spider:4 | Acquired 659 gold pieces
 39346 | Shoals:1 | Entered Level 1 of the Shoals
 39719 | Shoals:1 | Reached XP level 19. HP: 163/163 MP: 26/35
 39726 | Shoals:1 | Learned a level 6 spell: Shadow Creatures
 39886 | Shoals:1 | Reached skill level 1 in Summonings
 40206 | Shoals:1 | Identified Roxanne's Catalogue of Transformation
 40206 | Shoals:1 | Noticed Roxanne
 40677 | Shoals:2 | Found a runed translucent gate.
 40678 | Shoals:2 | Found a runed translucent gate.
 40679 | Shoals:2 | Found a runed translucent gate.
 40687 | Shoals:2 | Noticed arthad's ghost (adept VSFi)
 40687 | Shoals:2 | Noticed popps's ghost (adept GrFi)
 41348 | Vaults:1 | Entered Level 1 of the Vaults
 41436 | Vaults:1 | Reached skill level 14 in Ice Magic
 41473 | Vaults:1 | Found Exzoefru's Book Shop.
 41822 | Vaults:1 | Found a large runed translucent door.
 41823 | Vaults:1 | Found a large runed translucent door.
 41823 | Vaults:1 | Noticed Getoffmy's ghost (veteran GrFi)
 42224 | Vaults:1 | Reached skill level 5 in Summonings
 43761 | Vaults:2 | Reached skill level 15 in Ice Magic
 44066 | Vaults:2 | Reached XP level 20. HP: 160/172 MP: 37/37
 44607 | Vaults:2 | Found Gumuuda's Book Shop.
 44616 | Vaults:2 | Bought a book of Annihilations for 1324 gold pieces
 44643 | Vaults:2 | Learned a level 9 spell: Absolute Zero
 45306 | Vaults:3 | Found a staircase to the Crypt.
 45559 | Vaults:3 | Learned a level 4 spell: Airstrike
 46875 | Vaults:3 | Found a portal to a secret trove of treasure.
 47255 | Vaults:4 | Noticed Sojobo
 47255 | Vaults:4 | Noticed Frederick
 47264 | Vaults:4 | Killed Sojobo
 47269 | Vaults:4 | Killed Frederick
 47270 | Vaults:4 | Reached skill level 16 in Ice Magic
 47362 | Vaults:4 | Cast into level 2 of the Abyss (a deep elf demonologist)
 47362 | Abyss:2  | Found a corrupted altar of Lugonu.
 47440 | Abyss:2  | Found a corrupted altar of Lugonu.
 47460 | Vaults:4 | Escaped the Abyss
 47463 | Vaults:4 | Reached skill level 10 in Summonings
 47628 | Vaults:4 | Found Casoes's General Store.
 47633 | Vaults:4 | Reached XP level 21. HP: 182/182 MP: 32/39
 47648 | Vaults:4 | Bought a potion of haste for 150 gold pieces
 47648 | Vaults:4 | Bought a scroll of identify for 30 gold pieces
 47992 | Vaults:4 | Reached skill level 15 in Spellcasting
 48880 | Depths:1 | Entered Level 1 of the Depths
 48924 | D:15     | Reached skill level 17 in Ice Magic
 49369 | Depths:1 | Found a gateway to Hell.
 49432 | Depths:1 | Noticed Louise
 49440 | Depths:1 | Killed Louise
 49490 | Depths:1 | Found a one-way gate to the infinite horrors of the Abyss.
 50209 | Depths:2 | Found a one-way gate leading to the halls of Pandemonium.
 50489 | Depths:2 | Reached XP level 22. HP: 192/192 MP: 25/41
 50846 | Depths:2 | Reached skill level 18 in Ice Magic
 51153 | Depths:2 | Paralysed by a vampire knight for 3 turns
 51183 | Depths:2 | Paralysed by something for 3 turns
 51193 | Depths:2 | Paralysed by something for 3 turns
 52522 | Depths:3 | Noticed a golden dragon
 52539 | Depths:3 | Killed a golden dragon
 52689 | Depths:3 | Noticed a caustic shrike
 52701 | Depths:3 | Reached skill level 19 in Ice Magic
 53295 | Depths:4 | You fall into a shaft and drop 1 floor!
 53295 | Depths:5 | Entered Level 5 of the Depths
 53565 | Depths:5 | Noticed a golden dragon
 53566 | Depths:5 | Noticed a golden dragon
 53572 | Depths:5 | Reached XP level 23. HP: 198/201 MP: 19/44
 54379 | Depths:3 | Reached skill level 15 in Maces & Flails
 54842 | Depths:1 | Noticed Bai Suzhen
 54863 | Depths:1 | Killed Bai Suzhen
 55855 | Depths:1 | Acquired 1158 gold pieces
 56040 | D:15     | Learned a level 5 spell: Yara's Violent Unravelling
 56321 | Elf:2    | Identified the +1 ring mail "Immipih" {Str+7} (You found it
                  | on level 2 of the Elven Halls)
 56389 | Elf:2    | Reached skill level 20 in Ice Magic
 56448 | Elf:2    | Found a runed translucent gate.
 56626 | Elf:2    | Found a radiant altar of Vehumet.
 56669 | Elf:2    | Found Apiusuakh's Jewellery Boutique.
 56669 | Elf:2    | Found Bunif's Gadget Emporium.
 56671 | Elf:2    | Found Itheyd's Gadget Emporium.
 56686 | Elf:2    | Bought a wand of acid (12) for 544 gold pieces
 56686 | Elf:2    | Bought a wand of digging (4) for 272 gold pieces
 56690 | Elf:2    | Bought a wand of digging (3) for 210 gold pieces
 56868 | Elf:3    | Entered Level 3 of the Elven Halls
 58318 | Elf:3    | Reached XP level 24. HP: 189/202 MP: 4/45
 58816 | Elf:3    | Identified Vehumet's Volume of Attacks
 58818 | Elf:3    | Identified the Disquisition on the Traveller
 58859 | Elf:3    | Reached skill level 21 in Ice Magic
 58909 | Elf:3    | Got a pitted marble ring
 58940 | Elf:3    | Acquired the +6 shillelagh "Devastator" {shatter}
 58941 | Elf:3    | Found the +6 shillelagh "Devastator" {shatter}
 58955 | Elf:3    | Identified the ring "Ihucw" {rF+ rN+ Dex+4 SInv} (You found
                  | it on level 3 of the Elven Halls)
 58956 | Elf:3    | Identified the cursed +1 broad axe "Arukkysi" {protect,
                  | rPois rC+ Int-4} (You found it on level 3 of the Elven
                  | Halls)
 59599 | Elf:2    | Cast into level 3 of the Abyss (+1 scimitar of distortion)
 59736 | Elf:2    | Escaped the Abyss
 60508 | Shoals:1 | Killed Roxanne
 60975 | Shoals:2 | Killed arthad's ghost
 60978 | Shoals:2 | Killed popps's ghost
 61598 | Shoals:3 | Noticed Ilsuiw
 61609 | Shoals:3 | Killed Ilsuiw
 61743 | Shoals:3 | Noticed Polyphemus
 61752 | Shoals:3 | Killed Polyphemus
 62249 | Shoals:4 | Entered Level 4 of the Shoals
 62343 | Shoals:4 | Reached skill level 22 in Ice Magic
 62751 | Shoals:4 | Got a barnacled rune of Zot
 63410 | Depths:3 | Killed a caustic shrike
 63464 | Depths:3 | Identified the ring "Pepuh" {*Slow rF+ rC+ Stlth+}
 64002 | Depths:3 | Got a bound ivory ring
 64003 | Depths:3 | Identified the ring "Vegolor" {rPois Dex+6} (You found it
                  | on level 3 of the Depths)
 64059 | Depths:3 | Reached skill level 23 in Ice Magic
 64067 | Depths:3 | Reached XP level 25. HP: 215/215 MP: 23/46
 64521 | Depths:3 | Reached skill level 24 in Ice Magic
 64933 | Depths:3 | Found a snail-covered altar of Cheibriados.
 65204 | Depths:4 | Found a gateway to a ziggurat.
 66017 | Depths:4 | Noticed a juggernaut
 66030 | Depths:4 | Reached skill level 25 in Ice Magic
 66033 | Depths:4 | Cast into level 3 of the Abyss (a deep elf demonologist)
 66307 | Abyss:3  | Found a shadowy altar of Dithmenos.
 66420 | Depths:4 | Escaped the Abyss
 66495 | Depths:4 | Noticed an ancient lich
 66497 | Depths:4 | Killed a juggernaut
 67096 | Depths:4 | Killed an ancient lich
 67139 | Depths:4 | Reached skill level 26 in Ice Magic
 67454 | Depths:4 | Reached XP level 26. HP: 172/223 MP: 33/46
 68341 | Depths:5 | Reached skill level 27 in Ice Magic
 68616 | Depths:5 | Found a gate to the Realm of Zot.
 69036 | Depths:5 | Reached skill level 5 in Armour
 69190 | Depths:5 | Found Feekim's Assorted Antiques.
 69200 | Depths:5 | Bought a potion of heal wounds for 210 gold pieces
 69200 | Depths:5 | Bought a potion of heal wounds for 210 gold pieces
 69602 | Vaults:1 | Killed Getoffmy's ghost
 69705 | Crypt:1  | Entered Level 1 of the Crypt
 69906 | Crypt:3  | Entered Level 3 of the Crypt
 70643 | Crypt:3  | Found a staircase to the Tomb.
 70994 | Crypt:3  | Noticed Mara
 70997 | Crypt:3  | Noticed Amplified's illusion
 70997 | Crypt:3  | Killed Mara
 71063 | Crypt:3  | Reached skill level 5 in Dodging
 71511 | Crypt:3  | Found an ancient bone altar of Kikubaaqudgha.
 71514 | Crypt:3  | Noticed an ancient lich
 71522 | Crypt:3  | Killed an ancient lich
 71523 | Crypt:3  | Reached XP level 27. HP: 231/231 MP: 38/47
 71552 | Crypt:3  | Identified the Almanac of Feathers
 71556 | Crypt:3  | Identified Dyxt's Collected Works on Sinister Rites
 72107 | Crypt:2  | Reached skill level 10 in Armour
 72130 | Crypt:2  | Got a slimy bone ring
 72131 | Crypt:2  | Identified the ring "Vuohaor" {rN+ SInv} (You found it on
                  | level 2 of the Crypt)
 73270 | Crypt:1  | Identified the cursed +1 robe of Leaves {Regen+ rCorr Str+4
                  | Slay+2} (You found it on level 1 of the Crypt)
 73576 | Vaults:5 | Entered Level 5 of the Vaults
 73689 | Vaults:5 | Found Oreizxasch's Distillery.
 73693 | Vaults:5 | Bought a potion of curing for 48 gold pieces
 73693 | Vaults:5 | Bought a potion of haste for 160 gold pieces
 73693 | Vaults:5 | Bought a potion of ambrosia for 128 gold pieces
 73693 | Vaults:5 | Bought a potion of flight for 48 gold pieces
 73693 | Vaults:5 | Bought a potion of brilliance for 64 gold pieces
 73757 | Vaults:5 | Found Amoifrem's Distillery.
 73975 | Vaults:5 | Reached skill level 10 in Dodging
 74001 | Vaults:5 | Noticed Xtahua
 74021 | Vaults:5 | Killed Xtahua
 74608 | Vaults:5 | Noticed an ancient lich
 74612 | Vaults:5 | Killed an ancient lich
 75028 | Vaults:5 | Got a silver rune of Zot
 75162 | Vaults:5 | Found Xemiaklue's Book Shoppe.
 75171 | Vaults:5 | Bought a Fen Folio for 1275 gold pieces
 75171 | Vaults:5 | Bought a book of Power for 765 gold pieces
 75171 | Vaults:5 | Bought a book of Geomancy for 595 gold pieces
 75171 | Vaults:5 | Bought a book of Alchemy for 1275 gold pieces
 75736 | Depths:1 | Voluntarily entered the Abyss.
 76615 | Depths:1 | Escaped the Abyss
 76617 | Depths:1 | Voluntarily entered the Abyss.
 77049 | Abyss:2  | Reached skill level 15 in Armour
 77105 | Abyss:3  | Found a corrupted altar of Lugonu.
 77179 | Abyss:3  | Paralysed by you for 6 turns
 77853 | Abyss:4  | Got an abyssal rune of Zot
 77899 | Depths:1 | Escaped the Abyss
 78077 | Vaults:3 | You showed the abyssal rune of Zot to enter a treasure
                  | trove
 78078 | Trove    | Entered a treasure trove
 78086 | Trove    | Got a pair of shimmering gloves
 78090 | Trove    | Got a steaming bone ring
 78096 | Trove    | Got a smoking great sword
 78098 | Trove    | Got a masterwork war axe
 78107 | Trove    | Got a translucent morningstar
 78127 | Vaults:3 | Identified the +3 great sword of the Leaping Seer {holy,
                  | Str+3 Int+4 Dex-5} (You found it in a treasure trove)
 78128 | Vaults:3 | Identified the +7 war axe of Dullness {drain, rElec rF++
                  | Str-5 SInv} (You found it in a treasure trove)
 78129 | Vaults:3 | Identified the +1 morningstar of Idefradi {flame, *Corrode
                  | rN++ Str+2 SInv} (You found it in a treasure trove)
 78132 | Vaults:3 | Identified the -4 pair of gloves of Serendipity {+Fly
                  | rElec} (You found it in a treasure trove)
 78149 | Vaults:3 | Identified the ring "Docerir" {Wiz Dex+2} (You found it in
                  | a treasure trove)
 78156 | Vaults:3 | Acquired 902 gold pieces
 78158 | Vaults:3 | Acquired 720 gold pieces
 78160 | Vaults:3 | Acquired a manual of Conjurations
 78523 | Slime:1  | Entered Level 1 of the Pits of Slime
 79252 | Slime:1  | Reached skill level 10 in Conjurations
 79338 | Slime:5  | Entered Level 5 of the Pits of Slime
 79437 | Slime:4  | Noticed Dissolution
 79444 | Slime:4  | Killed Dissolution
 79673 | Slime:5  | Found a viscous altar of Jiyva.
 79688 | Slime:5  | Found the +3 robe of Clouds {+Thunder rCloud rElec}
 79729 | Slime:5  | Found the +7 Spriggan's Knife {stab, EV+4 Stlth+}
 79763 | Slime:5  | Gained mutation: Your magical capacity is low. (-10% MP) [a
                  | shining eye]
 79806 | Slime:5  | Noticed the Royal Jelly
 79811 | Slime:5  | Killed the Royal Jelly
 79909 | Slime:5  | Lost mutation: Your magical capacity is low. (-10% MP)
                  | [potion of mutation]
 79909 | Slime:5  | Lost mutation: You are clumsy. (Dex -2) [potion of
                  | mutation]
 79909 | Slime:5  | Lost mutation: Your system is resistant to poisons. (rPois)
                  | [potion of mutation]
 79909 | Slime:5  | Lost mutation: You have a somewhat thin skeletal structure.
                  | (Dex +2, Stealth) [potion of mutation]
 79909 | Slime:5  | Gained mutation: Scrolls take you a little longer to read.
                  | [potion of mutation]
 79909 | Slime:5  | Gained mutation: You are partially covered in slimy green
                  | scales. (AC +2) [potion of mutation]
 79939 | Slime:5  | Identified Yfoe's Grimoire of Heat and Dislocation
 79942 | Slime:5  | Got a slimy rune of Zot
 79989 | Slime:5  | Identified the cursed +1 leather armour "Direnulo" {+Fly
                  | SInv} (You found it on level 5 of the Pits of Slime)
 80484 | Depths:3 | Reached skill level 15 in Dodging
 80511 | Zot:1    | Entered Level 1 of the Realm of Zot
 80790 | Zot:1    | You fall into a shaft and drop 1 floor!
 81184 | Zot:2    | Noticed an orb of fire
 81528 | Zot:3    | Found a transporter.
 81632 | Zot:3    | Found a transporter.
 81632 | Zot:3    | Found a transporter.
 81632 | Zot:3    | Noticed an orb of fire
 81654 | Zot:3    | Found a transporter.
 81710 | Zot:3    | Found a transporter.
 82008 | Zot:3    | Found a transporter.
 82009 | Zot:3    | Found the +0 mask of the Dragon {Will+ Slay+3 SInv}
 82087 | Zot:3    | Found a transporter.
 82203 | Zot:4    | Reached skill level 15 in Conjurations
 83428 | Zot:5    | Entered Level 5 of the Realm of Zot
 85102 | Zot:1    | Lost mutation: Scrolls take you a little longer to read.
                  | [potion of mutation]
 85102 | Zot:1    | Lost mutation: You are partially covered in slimy green
                  | scales. (AC +2) [potion of mutation]
 85102 | Zot:1    | Gained mutation: You are strong-willed. (Will+) [potion of
                  | mutation]
 85102 | Zot:1    | Gained mutation: You have a pair of small antennae on your
                  | head. [potion of mutation]
 85912 | Hell     | Entered the Vestibule of Hell
 85912 | Hell     | Noticed Geryon
 85937 | Hell     | Killed Geryon
 86259 | Hell     | Found a gateway to the decaying netherworld of Tartarus.
 86815 | Hell     | Found a gateway to the ashen valley of Gehenna.
 86954 | Hell     | Found a gateway to the Iron City of Dis.
 87336 | Hell     | Learned a level 8 spell: Necromutation
 87391 | Tar:1    | Entered Level 1 of Tartarus
 87395 | Tar:1    | Learned a level 2 spell: Passwall
 87880 | Tar:4    | Reached skill level 5 in Transmutations
 88062 | Tar:7    | Entered Level 7 of Tartarus
 88137 | Hell     | Learned a level 7 spell: Orb of Destruction
 88677 | Zot:5    | Reached skill level 1 in Necromancy
 88919 | Zot:5    | Noticed an ancient lich
 88927 | Zot:5    | Killed an ancient lich
 88955 | Zot:5    | Noticed an orb of fire
 88962 | Zot:5    | Killed an orb of fire
 88963 | Zot:5    | Reached skill level 5 in Necromancy
 89025 | Zot:5    | Noticed an ancient lich
 89040 | Zot:5    | Killed an ancient lich
 89041 | Zot:5    | Reached skill level 10 in Transmutations
 89112 | Zot:5    | Noticed an ancient lich
 89115 | Zot:5    | Killed an ancient lich
 89128 | Zot:5    | Noticed an ancient lich
 89138 | Zot:5    | Killed an ancient lich
 89142 | Zot:5    | Noticed an orb of fire
 89144 | Zot:5    | Killed an orb of fire
 89466 | Zot:5    | Noticed an orb of fire
 89472 | Zot:5    | Killed an orb of fire
 89553 | Zot:5    | Noticed an orb of fire
 89559 | Zot:5    | Killed an orb of fire
 89638 | Zot:5    | Noticed an ancient lich
 89643 | Zot:5    | Reached skill level 10 in Necromancy
 89655 | Zot:5    | Killed an ancient lich
 89675 | Zot:5    | Noticed an ancient lich
 89678 | Zot:5    | Killed an ancient lich
 89684 | Zot:5    | Noticed an orb of fire
 89693 | Zot:5    | Killed an orb of fire
 89694 | Zot:5    | Noticed an ancient lich
 89696 | Zot:5    | Killed an ancient lich
 90112 | Pan      | Entered Pandemonium
 90435 | Pan      | Reached skill level 15 in Transmutations
 90695 | Pan      | Found a white marble altar of Elyvilon.
 90869 | Pan      | Identified the +9 long sword of Wigiugog {holy, rC+ Str+3
                  | Stlth+}
 91886 | Pan      | Found a glowing silver altar of Zin.
 92419 | Pan      | Identified the +4 scale mail of Howling Wind {Str+9}
 92464 | Pan      | Noticed a seraph
 92478 | Pan      | Killed a seraph
 92545 | Pan      | Found a glowing golden altar of the Shining One.
 92559 | Pan      | Got a demonic rune of Zot
 92945 | Pan      | Entered the realm of Gloorx Vloq.
 93190 | Pan      | Noticed Gloorx Vloq
 93222 | Pan      | Got a dark rune of Zot
 93717 | Pan      | Reached skill level 15 in Necromancy
 94157 | Pan      | Killed Gloorx Vloq
 94631 | Pan      | Identified the +1 helmet of Laidoi {+Blink rPois Int-5}
                  | (You found it in Pandemonium)
 94649 | Pan      | Entered the realm of Mnoleg.
 94680 | Pan      | Gained mutation: You are frail. (-10% HP) [a cacodemon]
 94879 | Pan      | Gained mutation: Armour fits poorly on your strangely
                  | shaped body. [a shining eye]
 94881 | Pan      | Gained mutation: You are clumsy. (Dex -2) [a shining eye]
 94904 | Pan      | Gained mutation: Your body sometimes deteriorates upon
                  | taking damage. [a cacodemon]
 95142 | Pan      | Gained mutation: You are very frail. (-20% HP) [a neqoxec]
 95239 | Pan      | Noticed Mnoleg
 95253 | Pan      | Killed Mnoleg
 95402 | Pan      | Paralysed by a floating eye for 3 turns
 95496 | Pan      | Got a glowing rune of Zot
 95558 | Pan      | Paralysed by a floating eye for 4 turns
 95573 | Pan      | Entered the realm of Cerebov.
 96192 | Pan      | Identified the Reference Book on Cankerous Moulding
 96566 | Pan      | Got a coiled silver amulet
 96570 | Pan      | Got a fine amber ring
 96573 | Pan      | Identified the Handbook of Shifting Flight
 96576 | Pan      | Identified the amulet of the Queen {Acrobat Str+6 SInv}
                  | (You found it in Pandemonium)
 96577 | Pan      | Identified the ring "Uvufeojygo" {AC+4 SInv} (You found it
                  | in Pandemonium)
 96756 | Pan      | Identified the cursed +1 scale mail "Ceit" {*Corrode rN++
                  | Slay+2} (You found it in Pandemonium)
 97002 | Pan      | Found the +6 sword of Cerebov {flame}
 97002 | Pan      | Noticed Cerebov
 97014 | Pan      | Killed Cerebov
 97108 | Pan      | Identified the +5 triple crossbow of Bankruptcy {vorpal,
                  | rF+ Will+ MP+9} (You found it in Pandemonium)
 97142 | Pan      | Got a fiery rune of Zot
 98116 | Pan      | Noticed Kypsa the pandemonium lord
 98125 | Pan      | Killed Kypsa the pandemonium lord
 98320 | Pan      | Gained mutation: You are highly strong-willed. (Will++) [a
                  | cacodemon]
 98411 | Pan      | Got a smoking platinum ring
 98412 | Pan      | Identified the ring "Ehuc" {rPois Will+} (You found it in
                  | Pandemonium)
 98468 | Pan      | Entered the realm of Lom Lobon.
 98518 | Pan      | Found an exit through the horrors of the Abyss.
 98556 | Pan      | Noticed Mennas
 98559 | Pan      | Killed Mennas
 99031 | Pan      | Identified the +4 scale mail of the Doldrums {rC+ Will-
                  | Str+3 Int+3} (You found it in Pandemonium)
 99158 | Pan      | Noticed Lom Lobon
 99163 | Pan      | Killed Lom Lobon
 99171 | Pan      | Got a magical rune of Zot
 99434 | Pan      | Took an exit into the Abyss.
 99434 | Abyss:1  | Escaped into the Abyss
 99494 | Abyss:1  | Found a corrupted altar of Lugonu.
 99602 | Depths:3 | Escaped the Abyss
 99612 | Depths:3 | Lost mutation: Your body sometimes deteriorates upon taking
                  | damage. [potion of mutation]
 99612 | Depths:3 | Lost mutation: You are very frail. (-20% HP) [potion of
                  | mutation]
 99612 | Depths:3 | Gained mutation: You occasionally shout uncontrollably at
                  | your foes. [potion of mutation]
 99612 | Depths:3 | Lost mutation: You occasionally shout uncontrollably at
                  | your foes. [potion of mutation]
 99612 | Depths:3 | Gained mutation: You have large cloven feet. [potion of
                  | mutation]
 99614 | Depths:3 | Lost mutation: You are frail. (-10% HP) [potion of
                  | mutation]
 99614 | Depths:3 | Lost mutation: You have large cloven feet. [potion of
                  | mutation]
 99614 | Depths:3 | Gained mutation: You are very clumsy. (Dex -4) [potion of
                  | mutation]
 99614 | Depths:3 | Gained mutation: Your mind is acute. (Int +2) [potion of
                  | mutation]
 99614 | Depths:3 | Gained mutation: Scrolls take you a little longer to read.
                  | [potion of mutation]
 99614 | Depths:3 | Gained mutation: You are somewhat resistant to further
                  | mutation. [potion of mutation]
 99615 | Depths:3 | Lost mutation: Your mind is acute. (Int +2) [potion of
                  | mutation]
 99615 | Depths:3 | Lost mutation: You are very clumsy. (Dex -4) [potion of
                  | mutation]
 99615 | Depths:3 | Gained mutation: You possess an exceptional clarity of
                  | mind. [potion of mutation]
 99643 | Depths:3 | Lost mutation: You have a pair of small antennae on your
                  | head. [potion of mutation]
 99643 | Depths:3 | Lost mutation: Armour fits poorly on your strangely shaped
                  | body. [potion of mutation]
 99643 | Depths:3 | Gained mutation: You are extremely strong-willed. (Will+++)
                  | [potion of mutation]
 99762 | Geh:1    | Entered Level 1 of Gehenna
100441 | Geh:7    | Entered Level 7 of Gehenna
101139 | Geh:7    | Identified the +8 chain mail "Kuzeucs" {+Inv rF- Regen+
                  | Dex+6} (You found it on level 7 of Gehenna)
101267 | Geh:7    | Found the ring of the Tortoise {AC+8}
101271 | Geh:7    | Found the +2 Maxwell's thermic engine {flame, freeze}
101868 | Geh:7    | Found the +7 sceptre of Asmodeus
101868 | Geh:7    | Noticed Asmodeus
101874 | Geh:7    | Killed Asmodeus
101936 | Geh:7    | Got an obsidian rune of Zot
102181 | Dis:1    | Entered Level 1 of the Iron City of Dis
103315 | Dis:5    | HP: 10/237 [quicksilver dragon/bolt of dispelling energy
                  | (14)]
103317 | Dis:5    | Killed from afar by a quicksilver dragon

Illustrated notes

Levels and vault maps discovered:
D:1:      minmay_arrival_open_corners, layout_basic, minivault_14
D:2:      layout_loops_cross, nicolae_overflow_crystal_walls,
          chequers_ecumenical_altar_simple_redux, minmay_misc_feat_secret_circle
D:3:      layout_rooms, general_overflow_altar, ebering_ghost_sewer_f,
          nicolae_qazlal_style_of_elements
D:4:      layout_rooms, uniq_ijyb, uniq_menkaure
D:5:      kennysheep_big_flooded_room, layout_rooms, minmay_temple_entry_mist
D:6:      cheibrodos_iron_armory, layout_cave_pools, bloody_makhleb,
          vehumet_statue, grunt_gozag_statues, serial_bayou_lagoon_a,
          nicolae_xom_altar_mimics, uniq_edmund
D:7:      layout_basic, nicolae_overflow_hidden_temple,
          grunt_temple_overflow_open, gammafunk_ghost_gnarly_gnolls,
          uniq_harold, uniq_duvessa, uniq_pikel
D:8:      layout_layer_cave, uniq_erica
D:9:      layout_basic, kennysheep_mini_moat, erik_lair_island, erik_orc_1
D:10:     layout_roguey, elyvilon_altar_4
D:11:     layout_basic, uniq_snorg
D:12:     layout_basic, enter_bailey_6
D:13:     gammafunk_jiyva_shrine, layout_loops_corners,
          grunt_vaults_entry_fortified, uniq_frances, uniq_kirke
D:14:     layout_stronghold, serial_ice, serial_ice_l, serial_ice_g,
          serial_ice_m, serial_ice_o, serial_ice_c, minmay_crystal_room,
          uniq_jorgrun
D:15:     hangedman_depths_entry_try_elsewhere_first, layout_irregular_city,
          serial_bayou_ford_a
Temple:   nicolae_temple_figure_eight
Lair:1:   layout_roguey, basic_altar, gammafunk_ghost_wrathful_warriors,
          serial_bayou_pond_a, st_stairs_13
Lair:2:   layout_layer_cave, elwin_shoals_entry_rooms,
          nicolae_spider_entry_orb_guardian, portal_ice_cave_entry_pillars_2,
          basic_altar, grunt_megastairs_3
Lair:3:   layout_regular_city
Lair:4:   layout_regular_city, minmay_lair_oklob_bushes, grunt_megastairs_1
Lair:5:   layout_regular_city, grunt_megastairs_5, uniq_josephine
Lair:6:   due_jungle_book, layout_regular_city, slime_altar_1,
          serial_bayou_pond_a
Shoals:1: layout_shoals, nicolae_shoals_undead_eyrie, uniq_roxanne
Shoals:2: layout_shoals, gammafunk_ghost_cemetery, nicolae_shoals_cliffside_cave
Shoals:3: layout_shoals, nicolae_shoals_square_sea_wall, uniq_polyphemus,
          uniq_ilsuiw
Shoals:4: shoals_end_grunt_ice, layout_shoals, ldierk_geyser
Spider:1: layout_spider_delve
Spider:2: layout_spider_delve, guppyfry_spider_mini_2,
          nicolae_spider_cling_ruins, uniq_arachne, uniq_agnes
Spider:3: cheibrodos_spider_silkery, uniq_azrael
Spider:4: spider_rune_water, worms_lemuel, uniq_nikola, uniq_donald
Slime:1:  layout_caves, basic_altar
Slime:2:  layout_caves
Slime:3:  layout_caves
Slime:4:  cheibrodos_slime_lost_civilization_1, layout_caves, uniq_dissolution
Slime:5
Orc:1:    layout_caves, uniq_maurice
Orc:2:    st_orc_ogre_mass, layout_caves
Elf:1:    eino_elf_arrival_sip, layout_geoelf_octagon, minmay_elf_sorcery
Elf:2:    layout_loops_cross, basic_altar, minmay_shop_grove
Elf:3:    minmay_elf_hall, layout_loops_corners
Vaults:1: ebering_vaults_ghost_disaster_area, ontoclasm_vaults_shuriken,
          hangedman_vaults_stagger, v_misc_5, dpeg_vaults_monster_box,
          nicolae_vaults_network_square, nicolae_vaults_little_squares_2,
          hangedman_vaults_corner_blocks, vaults_mumra_chevron,
          grunt_vaults_twisty, layout_vaults_quadrants, serial_shops,
          nicolae_shop_window_shopping
Vaults:2: v_misc_23, dpeg_vaults_monster_row, nicolae_vaults_asterisk,
          v_pattern_1, nicolae_vaults_border_crossing, v_rooms_4,
          nicolae_vaults_network_star, hangedman_vaults_impose,
          hangedman_vaults_impose, vaults_mumra_lcd, hangedman_vaults_capsules,
          vaults_room_stairs_pillars, layout_vaults_omnibox, serial_shops, shop
Vaults:3: vaults_mumra_hexcomb, v_pattern_5, v_alt_pattern_4,
          grunt_vaults_funnel, grunt_vaults_trifunnel, v_rooms_3,
          hangedman_vaults_nails, nicolae_vaults_little_squares_2,
          ontoclasm_vaults_idyll, nicolae_vaults_little_squares_4,
          ontoclasm_vaults_fault, vaults_dpeg_hooks,
          ontoclasm_vaults_ring_small, layout_vaults_ring, dummy_crypt_entry,
          nicolae_trove_entry_columns
Vaults:4: hangedman_vaults_river_flow, nicolae_vaults_mini_display_case,
          vaults_room_semicircle, vaults_room_door_ring, sword_in_stone,
          vaults_dpeg_diagonal, nicolae_vaults_little_squares_3,
          hangedman_vaults_maws, ontoclasm_vaults_twist, v_misc_3,
          hangedman_vaults_impose, layout_vaults_big_room, serial_shops, shop
Vaults:5: serial_shops, uniq_xtahua
Crypt:1:  layout_misc_corridors, nicolae_crypt_cryptocurrency,
          grunt_crypt_arrival_webbed
Crypt:2:  layout_regular_city, grunt_ministairs_7, minmay_misc_feat_columns
Crypt:3:  cryptofortress_bobbens, uniq_sojobo, uniq_mara
Depths:1: evilmike_pillar_path, layout_cave_pools, hangedman_geh_valley,
          minmay_misc_feat_roman, nicolae_abyss_entry_one_way_or_another,
          hangedman_abyss_or_decor_stabs, grunt_ministairs_13,
          serial_sigils_hangedman_carve, uniq_bai_suzhen
Depths:2: grunt_bent_corner, layout_cave_shapes, hellmouth_3,
          rand_demon_pan_entry_5, minmay_starry_boxes,
          minmay_staircase_statues_hall_small
Depths:3: minmay_four_inscribed_fans, layout_cave_pools,
          grunt_hell_entry_dis_old, pan_entry, cheibriados_altar_1
Depths:4: hangedman_box_tower, layout_basic, ziggurat_fallback, glass_columns_c,
          pf_hell_entry_tar_river, abyss_entry_crystal, drop_trap
Depths:5: grunt_zot_entry_alcove, layout_gridlike, kennysheep_doodads,
          hell_entry, serial_shops, nicolae_shop_trees,
          minmay_misc_feat_more_columns
Hell
Dis:1:    layout_gridville, grunt_megastairs_2
Dis:2:    layout_regular_city
Dis:3:    layout_jigsaw
Dis:4:    layout_overlapping_boxes
Dis:5:    layout_regular_city, nicolae_dis_iron_filings,
          grunt_dis_stairs_iron_hall
Geh:1:    layout_gehenna_lava_caves
Geh:2:    layout_gehenna_pools_basic, hangedman_gehenna_grave_pits
Geh:3:    layout_gehenna_lava_caves
Geh:4:    layout_gehenna_lava_caves
Geh:5:    layout_gehenna_pools_box
Geh:6:    layout_gehenna_pools_basic
Geh:7:    evilmike_geh
Tar:1:    layout_honeycomb
Tar:2:    layout_catacombs, nicolae_tar_cuneiform_heaven, lemuel_nasty_fountain
Tar:3:    layout_grid_maze, nicolae_tar_cuneiform_two
Tar:4:    layout_grid_maze
Tar:5:    layout_catacombs
Tar:6:    layout_honeycomb
Tar:7:    tar_minmay_river
Zot:1:    kennysheep_six_static_rooms, layout_cathedral_of_symmetry,
          grunt_ministairs_15
Zot:2:    layout_basic, nrook_zot_tub
Zot:3:    gammafunk_the_bubble [the_bubble_gammafunk_roulette],
          layout_misc_corridors, chequers_guarded_unrand_mask_of_the_dragon
Zot:4:    grunt_twist_and_shout, layout_onion
Zot:5:    layout_basic

Skill      XL: |  1  2  3  4  5  6  7  8  9 10 11 12 13 14 15 16 17 18 19 20 21 22 23 24 25 26 27 |
---------------+----------------------------------------------------------------------------------+-----
Ice Magic      | 5 6 9 11 12 13 15 16 17 19 20 23 26 27 | 27.0
Fighting       | 1 2 3 4 6 7 9 10 11 12 14 15 16 17 18 19 20 21 22 23 | 23.9
Armour         | 1 2 3 9 22 | 22.4
Spellcasting   | 3 7 8 10 11 12 13 14 15 17 18 19 20 23 | 23.6
Shields        | 2 3 5 6 8 10 12 14 15 | 15.3
Maces & Flails | 4 5 7 10 11 12 14 16 | 16.6
Invocations    | 2 6 7 |  7.6
Conjurations   | 1 5 8 9 18 | 18.5
Air Magic      | 1 5 8 9 11 | 11.6
Hexes          | 6 |  6.4
Summonings     | 7 10 11 | 11.0
Dodging        | 6 20 | 20.4
Transmutations | 22 | 22.1
Necromancy     | 18 | 18.6
Stealth        | |  1.7

Action                   |  1- 3 |  4- 6 |  7- 9 | 10-12 | 13-15 | 16-18 | 19-21 | 22-24 | 25-27 || total
-------------------------+-------+-------+-------+-------+-------+-------+-------+-------+-------++-------
Melee: Mace              |    65 |   183 |     7 |       |       |       |       |       |       ||   255
       Whip              |       |       |   226 |   791 |  1727 |  1715 |  1337 |       |       ||  5796
       Spear             |       |       |       |       |       |     3 |   168 |    49 |       ||   220
       Demon whip        |       |       |       |       |       |       |     1 |   425 |       ||   426
       Eveningstar       |       |       |       |       |       |       |       |   797 |  2709 ||  3506
       War axe           |       |       |       |       |       |       |       |       |  3375 ||  3375
       Sacred scourge    |       |       |       |       |       |       |       |       |   153 ||   153
Throw: Throwing net      |       |       |       |       |     6 |     3 |     1 |     1 |     2 ||    13
 Cast: Freeze            |    34 |    27 |       |       |     1 |       |       |       |       ||    62
       Frozen Ramparts   |       |       |     8 |    78 |   106 |    61 |    13 |    18 |     3 ||   287
       Ozocubu's Refrige |       |       |       |       |     7 |   119 |   183 |   188 |   450 ||   947
       Hailstorm         |       |       |       |       |       |     2 |       |       |       ||     2
       Freezing Cloud    |       |       |       |       |       |     9 |     4 |     4 |       ||    17
       Silence           |       |       |       |       |       |       |     5 |     3 |     1 ||     9
       Shadow Creatures  |       |       |       |       |       |       |     1 |     1 |     6 ||     8
       Airstrike         |       |       |       |       |       |       |       |   100 |   173 ||   273
       Yara's Violent Un |       |       |       |       |       |       |       |     4 |     1 ||     5
       Absolute Zero     |       |       |       |       |       |       |       |     3 |   347 ||   350
       Necromutation     |       |       |       |       |       |       |       |       |    41 ||    41
       Orb of Destructio |       |       |       |       |       |       |       |       |     2 ||     2
       Passwall          |       |       |       |       |       |       |       |       |     1 ||     1
Invok: Lesser Servant of |       |       |       |     5 |     8 |       |       |       |       ||    13
       Major Destruction |       |       |       |       |     1 |       |     3 |       |     1 ||     5
       Greater Servant o |       |       |       |       |       |     1 |     1 |     1 |       ||     3
 Abil: Hop               |       |     2 |     2 |     6 |     9 |     6 |     6 |     4 |    16 ||    51
Evoke: Wand              |       |     9 |    11 |    51 |     6 |     9 |     8 |     2 |     8 ||   104
       Tin of tremorston |       |       |       |       |       |       |       |       |     4 ||     4
       Condenser vane    |       |       |       |       |       |       |       |       |     2 ||     2
       Phantom mirror    |       |       |       |       |       |       |       |       |     1 ||     1
  Use: Scroll            |     5 |     8 |     3 |    19 |    19 |    18 |    10 |    27 |    74 ||   183
       Potion            |       |    15 |     2 |     8 |     6 |     4 |     2 |     5 |    22 ||    64
 Stab: Sleeping          |     3 |     1 |     2 |     8 |    23 |     9 |    11 |     3 |    12 ||    72
       Distracted        |       |       |       |     2 |     1 |     4 |       |     1 |    11 ||    19
       Held in net/web   |       |       |       |       |     8 |       |     1 |       |     2 ||    11
       Paralysed         |       |       |       |       |       |       |     2 |       |     3 ||     5
       Invisible         |       |       |       |       |       |       |       |       |     3 ||     3
Armor: Robe              |    34 |    21 |       |       |       |       |       |       |     7 ||    62
       Ring mail         |       |    69 |    86 |    46 |    87 |   561 |   331 |   439 |   107 ||  1726
       Troll leather arm |       |       |       |    47 |    82 |       |       |       |       ||   129
       Skin              |       |       |       |       |     4 |       |       |       |       ||     4
       Quicksilver drago |       |       |       |       |       |       |       |       |  1525 ||  1525
       Pearl dragon scal |       |       |       |       |       |       |       |       |   587 ||   587
Dodge: Dodged            |    90 |   137 |    52 |   151 |   283 |   403 |   273 |   266 |  3163 ||  4818
Block: Kite shield       |       |   109 |   132 |   410 |   895 |  1161 |   848 |   945 |  5211 ||  9711
